Map: Opérations galactiques EC

Players

Igrek - Winner!

  • Race: Terran Terran
  • League: Gold
  • Spawn Location: 1:00

zidar

  • Race: Zerg Zerg
  • League: Platinum
  • Spawn Location: 7:00

VOD

Have the link to the VOD?

Description

Time

  • Played on: Nov. 2, 2016, 4:23 p.m.
  • Length: 11:32
Show
View Real Time Build Order
Export as new Build Order

Igrek Terran - Winner!

Build Orders:  

Get SALT Encoding   

  12  0:01  SCV  
  13  0:13  SCV  
  14  0:23  Supply Depot  
  14  0:25  SCV  
  15  0:45  Barracks, SCV  
  16  0:52  Refinery  
  17  0:57  SCV  
  17  1:09  SCV  
  18  1:21  SCV  
  19  1:33  Orbital Command  
  19  1:34  Supply Depot  
  20  1:46  Barracks Reactor  
  19  2:01  Command Center  
  19  2:03  SCV  
  20  2:13  Factory  
  20  2:23  Marine x2  
  20  2:25  SCV  
  23  2:37  SCV  
  24  2:45  Barracks  
  24  2:48  Barracks  
  24  2:49  Supply Depot  
  24  2:50  SCV  
  25  3:19  Barracks Tech Lab  
  25  3:20  Starport  
  25  3:24  Hellion x2  
  29  3:28  Orbital Command  
  29  3:33  SCV  
  30  3:35  Supply Depot  
  30  3:37  Refinery  
  30  3:38  Barracks Reactor  
  30  3:45  SCV, Orbital Command  
  30  3:46  Barracks Reactor  
  31  3:50  Hellion x2  
  35  4:06  Supply Depot  
  35  4:07  Starport Reactor  
  35  4:15  SCV  
  35  4:16  SCV  
  37  4:28  Liberator, SCV x2  
  44  4:46  Medivac  
  44  4:49  Hellion x2  
  44  4:51  Marine x2, Marauder  
  44  4:52  Marine  
  51  5:26  Marine x4, Marauder  
  51  5:43  Marine  
  51  5:44  Marine  
  51  5:47  Marauder, Supply Depot  
  55  5:50  Marine x2  
  55  5:51  Hellion  
  55  5:52  Hellion  
  49  7:03  Marine x3, Marauder  
  49  7:04  Marine  
  49  7:06  SCV, Supply Depot  
  49  7:07  SCV  
  57  7:10  Medivac x2  
  61  7:17  Barracks  
  61  7:18  SCV  
  61  7:19  Barracks, SCV  
  61  7:21  Barracks  
  63  7:23  Liberator x2  
  63  7:24  Barracks, Marauder  
  65  7:31  SCV x2  
  67  7:39  Marine  
  67  7:40  Marine x3  
  77  7:45  Marine  
  77  7:49  SCV  
  77  7:50  SCV  
  80  7:55  Supply Depot  
  80  7:57  Marine x2  
  80  7:58  Marine  
  83  7:59  Armory  
  83  8:02  SCV x2  
  85  8:14  SCV  
  85  8:16  SCV  
  85  8:17  Marauder  
  89  8:20  Supply Depot  
  89  8:26  SCV  
  90  8:28  SCV  
  90  8:29  Stimpack  
  90  8:30  Barracks Tech Lab  
  90  8:31  Barracks Tech Lab, Barracks Reactor  
  90  8:32  Barracks Reactor  
  69  8:53  Marauder  
  69  8:54  Marine, Marauder x2  
  69  8:55  Marine x3  
  76  9:02  Supply Depot  
  77  9:07  Engineering Bay  
  77  9:12  Marine x4, Engineering Bay  
  77  9:13  Marine x2  
  77  9:15  Marauder  
  87  9:38  Marauder  
  87  9:39  Marine x4, Marauder x2  
  87  9:40  Marine  
  87  9:41  Refinery  
  87  9:42  SCV x2  
  87  9:45  Marine x3  
  101  9:54  SCV x2  
  101  9:57  Marine x5  
  110  10:00  Marauder  
  110  10:21  Liberator  
  110  10:22  Marine  
  110  10:23  Marauder x2  
  91  10:36  Marine x2, Marauder  
  91  10:37  Marine  
  91  10:40  Viking  
  101  10:43  Supply Depot  
  101  10:44  Marauder x2  
  105  10:50  Supply Depot  
  105  10:52  Supply Depot  
  105  10:56  Supply Depot  
Show
View Real Time Build Order
Export as new Build Order

zidar Zerg 

Build Orders: Hatch First, Muta Ling Bane 

Get SALT Encoding   

  12  0:01  Drone  
  13  0:12  Overlord  
  13  0:16  Drone  
  14  0:31  Drone x2  
  16  0:50  Hatchery  
  16  0:53  Drone  
  16  0:57  Extractor  
  16  0:59  Drone  
  16  1:17  Spawning Pool  
  15  1:21  Drone  
  16  1:33  Drone x2  
  16  1:36  Drone  
  19  2:04  Queen  
  19  2:05  Queen  
  19  2:08  Metabolic Boost  
  23  2:10  Zergling x2  
  23  2:13  Zergling x2  
  25  2:17  Zergling x2  
  26  2:36  Drone x2  
  28  2:37  Overlord x2  
  28  2:51  Extractor  
  27  2:57  Pneumatized Carapace  
  27  2:59  Drone x3  
  29  3:07  Baneling Nest  
  28  3:23  Drone x5  
  33  3:40  Overlord  
  33  3:41  Overlord  
  33  3:51  Lair  
  33  3:53  Drone  
  33  3:54  Drone x2  
  36  4:00  Baneling x3  
  36  4:09  Drone x5  
  41  4:15  Zergling x4  
  41  4:16  Zergling x2  
  41  4:46  Zergling x4  
  41  4:47  Zergling x4  
  45  5:02  Zergling x10  
  45  5:03  Zergling x2  
  51  5:15  Spore Crawler  
  50  5:23  Spore Crawler  
  46  5:37  Queen  
  48  5:43  Centrifical Hooks  
  48  5:45  Evolution Chamber  
  47  5:50  Evolution Chamber  
  47  5:56  Spire  
  45  6:01  Drone x6  
  51  6:09  Baneling  
  51  6:10  Baneling x8  
  51  6:15  Hatchery  
  39  6:39  Queen  
  35  6:41  Queen  
  29  7:03  Zergling x14  
  29  7:08  Baneling x3  
  36  7:44  Queen  
  36  7:48  Zerg Ground Armor Level 1  
  36  7:49  Zerg Melee Weapons Level 1  
  38  7:54  Drone x7  
  38  7:55  Drone x5  
  50  7:59  Extractor  
  50  8:02  Extractor  
  50  8:04  Zerg Flyer Weapons Level 1  
  48  8:13  Drone, Infestation Pit  
  48  8:20  Baneling  
  48  8:21  Baneling x5  
  48  8:23  Zergling x2  
  48  8:24  Zergling x18  
  56  8:33  Overlord x2  
  46  9:01  Drone x4  
  50  9:04  Hatchery  
  49  9:10  Drone  
  49  9:13  Zergling x6  
  53  9:20  Drone  
  54  9:27  Baneling  
  54  9:28  Baneling x9  
  54  9:30  Mutalisk x3  
  60  9:36  Queen  
  62  9:53  Drone x5  
  62  9:57  Overlord  
  62  9:58  Overlord x2  
  52  10:35  Zergling x16  
  60  10:47  Corruptor  
  60  10:48  Corruptor x2  
  66  10:52  Zergling x2  
  69  11:03  Drone x3  
  72  11:06  Baneling  
  72  11:07  Baneling x7  
Tags
 
Add a new tag
Caveats
  • Supply blocks, unpowered buildings, or Contaminate may cause inaccurate times.
  • Supply counts are checked every 10 seconds.